 Dungeon Crawl Stone Soup version 0.22-a0-136-g83a10e5 (webtiles) character file.

114 Alarkh the Insei (level 4, -1/24 HPs)
             Began as a Vine Stalker Monk on Feb 4, 2018.
             Killed from afar by an orc wizard (2 damage)
             ... with a puff of flame
             ... on level 3 of the Dungeon.
             The game lasted 00:02:26 (1833 turns).

Alarkh the Insei (Vine Stalker Monk)                Turns: 1833, Time: 00:02:27

Health: -1/24      AC:  2    Str: 18    XL:     4   Next: 98%
Magic:  0/5        EV: 13    Int: 11    God:
Gold:   114        SH:  0    Dex: 16    Spells: 3/3 levels left

rFire    . . .     SeeInvis .     - Unarmed
rCold    . . .     Gourm    .   (no shield)
rNeg     . . .     Faith    .   a - +0 robe
rPois    .         Spirit   +   (no helmet)
rElec    .         Reflect  .   (no cloak)
rCorr    .         Harm     .   (no gloves)
MR       .....                  (no boots)
Stlth    ++........             (no amulet)
HPRegen  0.48/turn              i - +4 ring of strength
MPRegen  0.09/turn              (no ring)

@: lethally poisoned (-1 -> -1)
A: fangs 2, regeneration 1, magic shield, antimagic bite, no potion heal 3, rot
immunity
a: no special abilities


You were on level 3 of the Dungeon.
You were not hungry.

You visited 1 branch of the dungeon, and saw 3 of its levels.

You collected 114 gold pieces.

Inventory:

Armour
 a - a +0 robe (worn)
Jewellery
 i - a +4 ring of strength (left hand)
Scrolls
 c - 3 scrolls of remove curse
 e - 2 scrolls of identify
 f - a scroll of magic mapping
 h - a scroll of random uselessness
Comestibles
 b - 4 rations
 d - 12 chunks of flesh


   Skills:
 + Level 3.4 Fighting
 + Level 3.1 Dodging
 - Level 2.4 Stealth
 * Level 4.4 Unarmed Combat


You had 3 spell levels left.
You didn't know any spells.

Dungeon Overview and Level Annotations

Branches:
Dungeon (3/15)

Altars:


Innate Abilities, Weirdness & Mutations

You have extremely sharp teeth.
Your natural rate of healing is unusually fast.
When hurt, damage is shared between your health and your magic reserves.
Your bite disrupts and absorbs the magic of your enemies.
Potions cannot restore your health.
You are immune to rotting.


Message History

Deactivating autopickup; reactivate with Ctrl-A.
The orc hits you with a flail.
* * * LOW HITPOINT WARNING * * *
You barely miss the orc. The rat barely misses you. The orc barely misses you.
The goblin hits you with a dagger.
* * * LOW HITPOINT WARNING * * *
The adder closely misses you. The adder completely misses you.
Found 16 arrows.
Something hits you but does no damage. The adder bites you.
* * * LOW HITPOINT WARNING * * *
You are poisoned.
The adder poisons you! Something hits you.
* * * LOW HITPOINT WARNING * * *
* * * LOW HITPOINT WARNING * * *
You feel sick.
You hear some strange, mumbled words.
A puff of flame appears from out of thin air!
The puff of flame hits you!
You die...

#. ##. .. ##. . #$. ..
##.. .. #%. .# #g.# ...
#.. #.# #o## ....#..
##..# #.#. (......
##..#####...
.......######..###.oo..#
.......@Srooo.>..)g#o.##
..(....S{rgoo.######.##
...<.....g.#.## #?..
##.......o.#.# #$..##
#.........#o# #.>##
#.$.....o.#.#####.#
#...%...r$..r=....#
#.........#.#.....#
.?.......r#.#####


You could see 2 adders, 7 orcs, a hobgoblin, a goblin and 3 rats.

Vanquished Creatures
  Robin (D:2)
  4 gnolls
  An adder (D:2)
  A dart slug (D:1)
  2 leopard geckos
  2 orcs
  2 bats (D:2)
  6 hobgoblins
  3 jackals (D:1)
  4 kobolds
  A ball python (D:3)
  17 goblins
  2 rats (D:1)
46 creatures vanquished.

Notes
Turn   | Place    | Note
-------+----------+-------------------------------------------
     0 | D:1      | Alarkh the Vine Stalker Monk began the quest for the Orb.
     0 | D:1      | Reached XP level 1. HP: 11/11 MP: 2/2
   117 | D:1      | Reached XP level 2. HP: 15/16 MP: 3/3
   496 | D:1      | Reached XP level 3. HP: 13/20 MP: 4/4
  1441 | D:2      | Gained mutation: Your natural rate of healing is unusually fast. [Vine Stalker growth]
  1441 | D:2      | Reached XP level 4. HP: 20/24 MP: 5/5
  1443 | D:2      | Reached skill level 4 in Unarmed Combat
  1666 | D:2      | Noticed Robin
  1734 | D:2      | Killed Robin
  1813 | D:3      | HP: 1/24 [orc/flail (10)]
  1833 | D:3      | HP: 1/24 [poisoned by an adder]
  1833 | D:3      | Killed from afar by an orc wizard

Vault maps used:
D:1:      dpeg_arrival_houses_and_road
D:2:      first_ration, uniq_robin

Skill      XL: |  1  2  3  4 |
---------------+-------------+-----
Fighting       | 3 |  3.4
Unarmed Combat | 4 |  4.4
Dodging        | 3 |  3.1
Stealth        | |  2.4

Action                   |  1- 3 |  4- 6 || total
-------------------------+-------+-------++-------
Melee: Unarmed           |    88 |    64 ||   152
       Bite              |    20 |    17 ||    37
       Punch             |       |     1 ||     1
  Use: Potion            |     1 |       ||     1
       Scroll            |       |     5 ||     5
 Stab: Sleeping          |     5 |     1 ||     6
  Eat: Chunk             |     2 |     1 ||     3
Armor: Robe              |    14 |     6 ||    20
Dodge: Dodged            |    52 |    48 ||   100

Table legend:
 A = Spawn XP
 B = Non-spawn XP
 C = Spawn XP percentage of total XP
 D = Spawn monster count
 E = Non-spawn monster count
 F = Spawn count percentage of total count
 G = Total turns spent on level
                    A         B        C        D         E        F      G
               +---------+---------+-------+---------+---------+-------+---------
         Total |       0 |     164 |   0.0 |       0 |      46 |   0.0 |  1833
               +---------+---------+-------+---------+---------+-------+---------
           D:1 |       0 |      49 |   0.0 |       0 |      18 |   0.0 |   859
           D:2 |       0 |     109 |   0.0 |       0 |      25 |   0.0 |   924
           D:3 |       0 |       6 |   0.0 |       0 |       3 |   0.0 |    50
               +---------+---------+-------+---------+---------+-------+---------
